 Dungeon Crawl Stone Soup version 0.26-a0-854-gdc81c2f471 (webtiles) character file.

Game seed: 5145831397077900705

124 iamoutofideas the Grasshopper (level 5, 0/43 HPs)
             Began as a Gnoll Warper on Nov 23, 2020.
             Slain by an orc wizard
             ... wielding a +0 dagger
              (3 damage)
             ... on level 2 of the Dungeon.
             The game lasted 00:02:11 (2514 turns).

iamoutofideas the Grasshopper (Gnoll Warper)        Turns: 2514, Time: 00:02:12

Health: 0/43       AC:  4    Str: 14    XL:     5   Next: 8%
Magic:  12/12      EV: 14    Int: 16    God:
Gold:   84         SH:  0    Dex: 14    Spells: 3/14 levels left

rFire    . . .     SeeInvis .   a - +0 hand axe
rCold    + . .     Faith    .   (no shield)
rNeg     . . .     Spirit   .   b - +0 leather armour
rPois    .         Reflect  .   (no helmet)
rElec    .         Harm     .   (no cloak)
rCorr    .         Rampage  .   m - +0 pair of gloves (curse)
MR       .....                  (no boots)
Stlth    ++........             (no amulet)
HPRegen  0.14/turn              f - ring of protection from cold
MPRegen  0.13/turn              (no ring)

@: hasted, very quick
A: distributed training, fangs 1, strong nose
a: no special abilities


You were on level 2 of the Dungeon.
You visited 1 branch of the dungeon, and saw 3 of its levels.

You collected 84 gold pieces.

Inventory:

Hand Weapons
 a - a +0 hand axe (weapon)
Missiles
 e - 5 boomerangs of dispersal (quivered)
 i - 5 boomerangs
Armour
 b - a +0 leather armour (worn)
 m - a cursed +0 pair of gloves (worn)
Jewellery
 f - a ring of protection from cold (left hand)
Scrolls
 d - a scroll of blinking
 h - a scroll of magic mapping {unknown}
 j - a scroll of remove curse
 l - a scroll of enchant armour
Potions
 g - a potion of brilliance
 k - a potion of haste


   Skills:
 + Level 4.7 Fighting
 + Level 1.3 Short Blades
 + Level 1.3 Long Blades
 + Level 4.7 Axes
 + Level 1.3 Maces & Flails
 + Level 1.3 Polearms
 + Level 1.3 Staves
 + Level 1.3 Slings
 + Level 1.3 Bows
 + Level 1.3 Crossbows
 + Level 2.9 Throwing
 + Level 2.9 Armour
 + Level 4.7 Dodging
 + Level 1.3 Stealth
 + Level 1.3 Shields
 + Level 1.3 Unarmed Combat
 + Level 5.1 Spellcasting
 + Level 1.1 Conjurations
 + Level 1.1 Hexes
 + Level 1.1 Summonings
 + Level 1.1 Necromancy
 + Level 5.5 Translocations
 + Level 1.1 Transmutations
 + Level 1.1 Fire Magic
 + Level 1.1 Ice Magic
 + Level 1.1 Air Magic
 + Level 1.1 Earth Magic
 + Level 1.1 Poison Magic
 + Level 1.5 Invocations
 + Level 1.3 Evocations


You had 3 spell levels left.
You knew the following spells:

 Your Spells              Type           Power        Failure   Level
a - Blink                 Tloc           N/A          3%          2
b - Gell's Gravitas       Tloc           ###.......   6%          3
c - Lesser Beckoning      Tloc           ###.......   6%          3
d - Teleport Other        Tloc           ###.....     6%          3

Your spell library contained the following spells:

 Spells                   Type           Power        Failure   Level
 Passage of Golubria      Tloc           N/A          19%         4


Dungeon Overview and Level Annotations

Branches:
Dungeon (3/15)

Altars:
Okawaru
Vehumet

Annotations:
D:2 1 runed translucent door, Crazy Yiuf, Terence


Innate Abilities, Weirdness & Mutations

Your experience applies equally to all skills.
You have very sharp teeth.
Your uncanny sense of smell can sniff out nearby items.


Message History

A magic dart appears from out of thin air!
The magic dart hits you.
You hear some strange, mumbled words.
Something tries to affect you, but you resist.
You feel yourself speed up.
You're too confused to move!
You closely miss something.
You hear some strange, mumbled words.
You are more confused.
You're too confused to move!
A magic dart appears from out of thin air!
The magic dart hits you!
* * * LOW HITPOINT WARNING * * *
You barely miss something. Something hits you but does no damage.
You hit something. Something hits you.
* * * LOW HITPOINT WARNING * * *
You miss something. You bite something.
You feel less confused. Something hits you.
You die...

### #<# #.# #.# #.#
###### #.# #....# #.#
#....######.#######
#.@....>...........
#....##......###...
#####...)##......# #...
#...#....##......# #...
#...#....##...#.####...
#.......###.###......รท.
#...##### #.# #.......#
#......# #.###.......#
#.....[# #...........'


There were no monsters in sight!

Vanquished Creatures
  Jessica (D:2)
  4 adders (D:2)
  An ufetubus (D:3)
  2 dart slugs (D:1)
  An orc (D:3)
  5 bats
  5 giant cockroaches
  5 goblins
  5 hobgoblins
  5 jackals (D:1)
  2 ball pythons
  4 frilled lizards
  6 kobolds
  6 rats
52 creatures vanquished.

Notes
Turn   | Place    | Note
-------+----------+-------------------------------------------
     0 | D:1      | iamoutofideas the Gnoll Warper began the quest for the Orb.
     0 | D:1      | Reached XP level 1. HP: 20/20 MP: 6/6
   153 | D:1      | Reached XP level 2. HP: 19/26 MP: 7/7
   771 | D:1      | Reached XP level 3. HP: 31/31 MP: 9/9
   897 | D:1      | Reached skill level 5 in Spellcasting
  1131 | D:2      | Found a radiant altar of Vehumet.
  1159 | D:2      | Reached skill level 1 in Invocations
  1323 | D:2      | Learned a level 2 spell: Blink
  1327 | D:2      | Learned a level 3 spell: Gell's Gravitas
  1331 | D:2      | Learned a level 3 spell: Lesser Beckoning
  1336 | D:2      | Learned a level 3 spell: Teleport Other
  1434 | D:2      | Found a runed translucent door.
  1435 | D:2      | Noticed Crazy Yiuf
  1492 | D:2      | Reached skill level 1 in Short Blades
  1492 | D:2      | Reached skill level 1 in Long Blades
  1492 | D:2      | Reached skill level 1 in Maces & Flails
  1492 | D:2      | Reached skill level 1 in Polearms
  1492 | D:2      | Reached skill level 1 in Staves
  1492 | D:2      | Reached skill level 1 in Slings
  1492 | D:2      | Reached skill level 1 in Bows
  1492 | D:2      | Reached skill level 1 in Crossbows
  1492 | D:2      | Reached skill level 1 in Stealth
  1492 | D:2      | Reached skill level 1 in Shields
  1492 | D:2      | Reached skill level 1 in Unarmed Combat
  1492 | D:2      | Reached skill level 1 in Evocations
  1523 | D:2      | Found an iron altar of Okawaru.
  1524 | D:2      | Noticed Jessica
  1539 | D:2      | Killed Jessica
  1540 | D:2      | Reached XP level 4. HP: 29/38 MP: 11/11
  1679 | D:2      | Reached skill level 1 in Conjurations
  1679 | D:2      | Reached skill level 1 in Hexes
  1679 | D:2      | Reached skill level 1 in Summonings
  1679 | D:2      | Reached skill level 1 in Necromancy
  1679 | D:2      | Reached skill level 1 in Transmutations
  1679 | D:2      | Reached skill level 1 in Fire Magic
  1679 | D:2      | Reached skill level 1 in Ice Magic
  1679 | D:2      | Reached skill level 1 in Air Magic
  1679 | D:2      | Reached skill level 1 in Earth Magic
  1679 | D:2      | Reached skill level 1 in Poison Magic
  2109 | D:2      | Reached XP level 5. HP: 42/43 MP: 12/12
  2112 | D:2      | Noticed Terence
  2514 | D:2      | Slain by an orc wizard

Illustrated notes

Levels and vault maps discovered:
D:1:      heliophobic_arrival_enchanted_forest, layout_basic, corner_web_ring
D:2:      layout_basic, vehumet_crystals, okawaru_ov_weapons_minmay,
          uniq_terence, uniq_jessica, uniq_crazy_yiuf_cottage
D:3:      layout_basic, nicolae_overflow_hidden_temple

Skill      XL: |  1  2  3  4 |
---------------+-------------+-----
Spellcasting   | 5 |  5.1
Invocations    | 1 |  1.5
Short Blades   | 1 |  1.3
Long Blades    | 1 |  1.3
Maces & Flails | 1 |  1.3
Polearms       | 1 |  1.3
Staves         | 1 |  1.3
Slings         | 1 |  1.3
Bows           | 1 |  1.3
Crossbows      | 1 |  1.3
Stealth        | 1 |  1.3
Shields        | 1 |  1.3
Unarmed Combat | 1 |  1.3
Evocations     | 1 |  1.3
Conjurations   | 1 |  1.1
Hexes          | 1 |  1.1
Summonings     | 1 |  1.1
Necromancy     | 1 |  1.1
Transmutations | 1 |  1.1
Fire Magic     | 1 |  1.1
Ice Magic      | 1 |  1.1
Air Magic      | 1 |  1.1
Earth Magic    | 1 |  1.1
Poison Magic   | 1 |  1.1
Fighting       | |  4.7
Axes           | |  4.7
Throwing       | |  2.9
Armour         | |  2.9
Dodging        | |  4.7
Translocations | |  5.5

Action                   |  1- 3 |  4- 6 || total
-------------------------+-------+-------++-------
Melee: Hand axe          |   156 |    71 ||   227
       Bite              |    10 |    10 ||    20
       Punch             |     1 |       ||     1
 Cast: Teleport Other    |       |     1 ||     1
  Use: Scroll            |       |     4 ||     4
       Potion            |       |     1 ||     1
 Stab: Sleeping          |     3 |     2 ||     5
Armor: Leather armour    |    42 |     7 ||    49
Dodge: Dodged            |   122 |    68 ||   190

Table legend: (Time is in decaauts)
 A = Elapsed time spent in this place.
 B = Non-inter-level travel time spent in this place.
 C = Inter-level travel time spent in this place.
 D = Time resting spent in this place.
 E = Time spent auto-exploring this place.
 F = Levels seen in this place.
 G = Mean time per level.
                   A        B        C        D        E       F      G
               +--------+--------+--------+--------+--------+-----+--------+
         Total |   2530 |   2371 |    159 |    483 |   1437 |   3 |  843.3 |
       Dungeon |   2530 |   2371 |    159 |    483 |   1437 |   3 |  843.3 |
               +--------+--------+--------+--------+--------+-----+--------+

Top non-repeatable levels by time:
     D:2: 1449 daAuts
     D:1: 1066 daAuts
     D:3: 14 daAuts
